Workbook
Name Porcentajesaprobar: Matrices!$J$12:$M$16

Sheet Base de Datos Prestamos
I1: Salario Minimo Legal Vigente | J1: 644350
A2: Empresa Metropolitana
A3: Base de datos de Solicitudes y Aprobación de Prestamos a Empleados
A5: codigo Trabajador | B5: Nombres | C5: Dependencia | D5: Tipo de trabajador | E5: Fecha Solicitud | F5: Valor Solicitado | G5: Fecha Ingreso | H5: Sueldo/devengado actual | I5: Tipo de Prestamo | J5: Tipo de Contrato | K5: Valor total descuentos | L5: Capacidad de pago | M5: Vr aprobado | N5: Estado
A6: 21360 | B6: =VLOOKUP(A6,Matrices!$A$6:$E$24,2,0) -> Maria Londoño | C6: =VLOOKUP(A6,Matrices!$A$6:$E$24,5,0) -> Informatica | D6: Administrativo | E6: 42064 | F6: 7100000 | G6: 38976 | H6: =VLOOKUP(A6,Matrices!$A$6:$F$24,4,0) -> 1500000 | I6: Matricula | J6: Definido | K6: 200000 | L6: =100%-(K6/H6) -> 0.86666667 | M6: =IF(L6>70%,VLOOKUP(L6,Porcentajesaprobar,3,1)*F6,0) -> 6035000 | N6: Aprobado
A7: 26591 | B7: =VLOOKUP(A7,Matrices!$A$6:$E$24,2,0) -> Milena Restrepo | C7: =VLOOKUP(A7,Matrices!$A$6:$E$24,5,0) -> Produccion | D7: Operativo | E7: 42056 | F7: 1890000 | G7: 36239 | H7: =VLOOKUP(A7,Matrices!$A$6:$F$24,4,0) -> 1610000 | I7: Matricula | J7: Indefinido | K7: 45000 | L7: =100%-(K7/H7) -> 0.97204969 | M7: =IF(L7>70%,VLOOKUP(L7,Porcentajesaprobar,3,1)*F7,0) -> 1890000 | N7: Aprobado
A8: 21963 | B8: =VLOOKUP(A8,Matrices!$A$6:$E$24,2,0) -> Lucero Londoño | C8: =VLOOKUP(A8,Matrices!$A$6:$E$24,5,0) -> Contabilidad | D8: Administrativo | E8: 42049 | F8: 3800000 | G8: 38163 | H8: =VLOOKUP(A8,Matrices!$A$6:$F$24,4,0) -> 589500 | I8: Matricula | J8: Definido | K8: 100000 | L8: =100%-(K8/H8) -> 0.83036472 | M8: =IF(L8>70%,VLOOKUP(L8,Porcentajesaprobar,4,1)*F8,0) -> 2470000 | N8: Aprobado
A9: 28120 | B9: =VLOOKUP(A9,Matrices!$A$6:$E$24,2,0) -> Alberto Garcia | C9: =VLOOKUP(A9,Matrices!$A$6:$E$24,5,0) -> Produccion | D9: Operativo | E9: 42022 | F9: 2500000 | G9: 36294 | H9: =VLOOKUP(A9,Matrices!$A$6:$F$24,4,0) -> 610000 | I9: Matricula | J9: Definido | K9: 45000 | L9: =100%-(K9/H9) -> 0.92622951 | M9: =IF(L9>70%,VLOOKUP(L9,Porcentajesaprobar,4,1)*F9,0) -> 1825000 | N9: Aprobado
A10: 23651 | B10: =VLOOKUP(A10,Matrices!$A$6:$E$24,2,0) -> Javier Suarez | C10: =VLOOKUP(A10,Matrices!$A$6:$E$24,5,0) -> Contabilidad | D10: Administrativo | E10: 42014 | F10: 6800000 | G10: 38425 | H10: =VLOOKUP(A10,Matrices!$A$6:$F$24,4,0) -> 720000 | I10: Vivienda | J10: Indefinido | K10: 110000 | L10: =100%-(K10/H10) -> 0.84722222 | M10: =IF(L10>70%,VLOOKUP(L10,Porcentajesaprobar,3,1)*F10,0) -> 5100000 | N10: Aprobado
A11: 20001 | B11: =VLOOKUP(A11,Matrices!$A$6:$E$24,2,0) -> Camilo Velez | C11: =VLOOKUP(A11,Matrices!$A$6:$E$24,5,0) -> Ventas | D11: Directivo | E11: 42086 | F11: 2500000 | G11: 39363 | H11: =VLOOKUP(A11,Matrices!$A$6:$F$24,4,0) -> 1250000 | I11: Vehiculo | J11: Indefinido | K11: 200000 | L11: =100%-(K11/H11) -> 0.84 | M11: =IF(L11>70%,VLOOKUP(L11,Porcentajesaprobar,3,1)*F11,0) -> 1875000 | N11: Aprobado
A12: 24852 | B12: =VLOOKUP(A12,Matrices!$A$6:$E$24,2,0) -> Manuela Cardenas | C12: =VLOOKUP(A12,Matrices!$A$6:$E$24,5,0) -> Produccion | D12: Operativo | E12: 42050 | F12: 1100000 | G12: 38455 | H12: =VLOOKUP(A12,Matrices!$A$6:$F$24,4,0) -> 2145000 | I12: Matricula | J12: Indefinido | K12: 400000 | L12: =100%-(K12/H12) -> 0.81351981 | M12: =IF(L12>70%,VLOOKUP(L12,Porcentajesaprobar,3,1)*F12,0) -> 825000 | N12: Aprobado
A13: 27896 | B13: =VLOOKUP(A13,Matrices!$A$6:$E$24,2,0) -> Alberto Velez | C13: =VLOOKUP(A13,Matrices!$A$6:$E$24,5,0) -> Informatica | D13: Directivo | E13: 42112 | F13: 14200000 | G13: 36725 | H13: 2360000 | I13: Vehiculo | J13: Definido | K13: 105000 | L13: =100%-(K13/H13) -> 0.95550847 | M13: =IF(L13>70%,VLOOKUP(L13,Porcentajesaprobar,3,1)*F13,0) -> 14200000 | N13: Aprobado
A14: 21478 | B14: =VLOOKUP(A14,Matrices!$A$6:$E$24,2,0) -> Javier Suarez | C14: =VLOOKUP(A14,Matrices!$A$6:$E$24,5,0) -> Produccion | D14: Operativo | E14: 42093 | F14: 4100000 | G14: 38058 | H14: =VLOOKUP(A14,Matrices!$A$6:$F$24,4,0) -> 1450000 | I14: Vivienda | J14: Definido | K14: 345000 | L14: =100%-(K14/H14) -> 0.76206897 | M14: =IF(L14>70%,VLOOKUP(L14,Porcentajesaprobar,3,1)*F14,0) -> 2870000 | N14: Aprobado
A15: 25841 | B15: =VLOOKUP(A15,Matrices!$A$6:$E$24,2,0) -> Camilo Zapata | C15: =VLOOKUP(A15,Matrices!$A$6:$E$24,5,0) -> Informatica | D15: Administrativo | E15: 42091 | F15: 8900000 | G15: 36537 | H15: =VLOOKUP(A15,Matrices!$A$6:$F$24,4,0) -> 1560000 | I15: Vehiculo | J15: Indefinido | K15: 470000 | L15: =100%-(K15/H15) -> 0.69871795 | M15: =IF(L15>70%,VLOOKUP(L15,Porcentajesaprobar,3,1)*F15,0) -> 0 | N15: Rechazado
A16: 26875 | B16: =VLOOKUP(A16,Matrices!$A$6:$E$24,2,0) -> Milena Ortiz | C16: =VLOOKUP(A16,Matrices!$A$6:$E$24,5,0) -> Ventas | D16: Directivo | E16: 42109 | F16: 7000000 | G16: 40685 | H16: =VLOOKUP(A16,Matrices!$A$6:$F$24,4,0) -> 2610000 | I16: Vehiculo | J16: Definido | K16: 300000 | L16: =100%-(K16/H16) -> 0.88505747 | M16: =IF(L16>70%,VLOOKUP(L16,Porcentajesaprobar,3,1)*F16,0) -> 5950000 | N16: Aprobado
A17: 25480 | B17: =VLOOKUP(A17,Matrices!$A$6:$E$24,2,0) -> Camilo Velez | C17: =VLOOKUP(A17,Matrices!$A$6:$E$24,5,0) -> Ventas | D17: Operativo | E17: 42049 | F17: 3850000 | G17: 40321 | H17: =VLOOKUP(A17,Matrices!$A$6:$F$24,4,0) -> 589500 | I17: Vivienda | J17: Indefinido | K17: 135000 | L17: =100%-(K17/H17) -> 0.77099237 | M17: =IF(L17>70%,VLOOKUP(L17,Porcentajesaprobar,3,1)*F17,0) -> 2695000 | N17: Aprobado
A18: 20146 | B18: =VLOOKUP(A18,Matrices!$A$6:$E$24,2,0) -> Milena Restrepo | C18: =VLOOKUP(A18,Matrices!$A$6:$E$24,5,0) -> Produccion | D18: Operativo | E18: 42081 | F18: 1500000 | G18: 41810 | H18: =VLOOKUP(A18,Matrices!$A$6:$F$24,4,0) -> 610000 | I18: Vivienda | J18: Definido | K18: 180000 | L18: =100%-(K18/H18) -> 0.70491803 | M18: =IF(L18>70%,VLOOKUP(L18,Porcentajesaprobar,3,1)*F18,0) -> 1050000 | N18: Aprobado
A19: 20202 | B19: =VLOOKUP(A19,Matrices!$A$6:$E$24,2,0) -> Cesar Castillo | C19: =VLOOKUP(A19,Matrices!$A$6:$E$24,5,0) -> Ventas | D19: Operativo | E19: 42049 | F19: 4500000 | G19: 37271 | H19: =VLOOKUP(A19,Matrices!$A$6:$F$24,4,0) -> 745000 | I19: Vivienda | J19: Indefinido | K19: 200000 | L19: =100%-(K19/H19) -> 0.73154362 | M19: =IF(L19>70%,VLOOKUP(L19,Porcentajesaprobar,3,1)*F19,0) -> 3150000 | N19: Rechazado
A20: 21965 | B20: =VLOOKUP(A20,Matrices!$A$6:$E$24,2,0) -> Sandra Patiño | C20: =VLOOKUP(A20,Matrices!$A$6:$E$24,5,0) -> Contabilidad | D20: Administrativo | E20: 41375 | F20: 6300000 | G20: 36669 | H20: =VLOOKUP(A20,Matrices!$A$6:$F$24,4,0) -> 810000 | I20: Vivienda | J20: Indefinido | K20: 50000 | L20: =100%-(K20/H20) -> 0.9382716 | M20: =IF(L20>70%,VLOOKUP(L20,Porcentajesaprobar,3,1)*F20,0) -> 5670000 | N20: Aprobado
A21: 21635 | B21: =VLOOKUP(A21,Matrices!$A$6:$E$24,2,0) -> Miguel Correa | C21: =VLOOKUP(A21,Matrices!$A$6:$E$24,5,0) -> Produccion | D21: Operativo | E21: 42016 | F21: 1800000 | G21: 41192 | H21: =VLOOKUP(A21,Matrices!$A$6:$F$24,4,0) -> 698000 | I21: Vivienda | J21: Indefinido | K21: 45000 | L21: =100%-(K21/H21) -> 0.93553009 | M21: =IF(L21>70%,VLOOKUP(L21,Porcentajesaprobar,3,1)*F21,0) -> 1620000 | N21: Aprobado
A22: 20158 | B22: =VLOOKUP(A22,Matrices!$A$6:$E$24,2,0) -> Maria Correa | C22: =VLOOKUP(A22,Matrices!$A$6:$E$24,5,0) -> Produccion | D22: Operativo | E22: 42093 | F22: 7000000 | G22: 36679 | H22: =VLOOKUP(A22,Matrices!$A$6:$F$24,4,0) -> 1500000 | I22: Vivienda | J22: Definido | K22: 120000 | L22: =100%-(K22/H22) -> 0.92 | M22: =IF(L22>70%,VLOOKUP(L22,Porcentajesaprobar,3,1)*F22,0) -> 6300000 | N22: Aprobado
A23: 20100 | B23: =VLOOKUP(A23,Matrices!$A$6:$E$24,2,0) -> Luisa Parra | C23: =VLOOKUP(A23,Matrices!$A$6:$E$24,5,0) -> Ventas | D23: Operativo | E23: 42110 | F23: 800000 | G23: 38029 | H23: =VLOOKUP(A23,Matrices!$A$6:$F$24,4,0) -> 900000 | I23: Matricula | J23: Definido | K23: 83000 | L23: =100%-(K23/H23) -> 0.90777778 | M23: =IF(L23>70%,VLOOKUP(L23,Porcentajesaprobar,3,1)*F23,0) -> 720000 | N23: Aprobado
A24: 25871 | B24: =VLOOKUP(A24,Matrices!$A$6:$E$24,2,0) -> Fernando Rivera | C24: =VLOOKUP(A24,Matrices!$A$6:$E$24,5,0) -> Produccion | D24: Operativo | E24: 42106 | F24: 1200000 | G24: 37666 | H24: =VLOOKUP(A24,Matrices!$A$6:$F$24,4,0) -> 1000000 | I24: Vivienda | J24: Definido | K24: 245000 | L24: =100%-(K24/H24) -> 0.755 | M24: =IF(L24>70%,VLOOKUP(L24,Porcentajesaprobar,3,1)*F24,0) -> 840000 | N24: Rechazado
A37: Para cada punto se debe diseñar un informe en excel que contenga:
A38: 1. Pregunta (check List), Formas de evidenciar, Conforme(S/N), Causa, Accion Correctiva.
A39: 2. Muestre en una hoja nueva el archivo con la accion correctiva que planteo (formulas y/o validaciones que utilizó para hacer la comprobación del control)

Sheet Matrices
A3: Planta de Personal | J3: Montos para Prestamos de Vivienda
A5: codigo empleado | B5: Nombres Completos | C5: Fecha Ingreso | D5: Sueldo año actual | E5: Dependencia | F5: Sueldo Año anterior | J5: Tipo de Trabajador | K5: Valor Maximo a prestar
A6: 21360 | B6: Maria Londoño | C6: 38976 | D6: 1500000 | E6: Informatica | F6: 1440000 | J6: Operativo | K6: 8 SMLV
A7: 26591 | B7: Milena Restrepo | C7: 36239 | D7: 1610000 | E7: Produccion | F7: 1545600 | J7: Administrativo | K7: 10 SMLV
A8: 21963 | B8: Lucero Londoño | C8: 38163 | D8: 589500 | E8: Contabilidad | F8: 566700 | J8: Directivo | K8: 15 SMLV
A9: 28120 | B9: Alberto Garcia | C9: 36294 | D9: 610000 | E9: Produccion | F9: 585600
A10: 23651 | B10: Javier Suarez | C10: 41712 | D10: 720000 | E10: Contabilidad | F10: 691200 | J10: Porcentajes a prestar de acuerdo con capacidad de pago
A11: 20001 | B11: Camilo Velez | C11: 39363 | D11: 1250000 | E11: Ventas | F11: 1200000 | J11: Capacidad de pago Desde el | K11: Capacidad de pago hasta el | L11: % a Prestar | M11: % a Bonificar
A12: 24852 | B12: Manuela Cardenas | C12: 38455 | D12: 2145000 | E12: Produccion | F12: 2059200 | J12: 0.7 | K12: 0.8 | L12: 0.7 | M12: 0.58
A13: 27896 | B13: Alberto Velez | C13: 36725 | D13: 1100000 | E13: Informatica | F13: 1056000 | J13: 0.801 | K13: 0.85 | L13: 0.75 | M13: 0.65
A14: 21478 | B14: Javier Suarez | C14: 38058 | D14: 1450000 | E14: Produccion | F14: 1392000 | J14: 0.851 | K14: 0.9 | L14: 0.85 | M14: 0.7
A15: 25841 | B15: Camilo Zapata | C15: 36537 | D15: 1560000 | E15: Informatica | F15: 1497600 | J15: 0.901 | K15: 0.95 | L15: 0.9 | M15: 0.73
A16: 26875 | B16: Milena Ortiz | C16: 36302 | D16: 2610000 | E16: Ventas | F16: 2505600 | J16: 0.951 | L16: 1 | M16: 0.8
A17: 25480 | B17: Camilo Velez | C17: 36030 | D17: 589500 | E17: Ventas | F17: 566700
A18: 20146 | B18: Milena Restrepo | C18: 39253 | D18: 610000 | E18: Produccion | F18: 585600
A19: 20202 | B19: Cesar Castillo | C19: 37271 | D19: 745000 | E19: Ventas | F19: 715200
A20: 21965 | B20: Sandra Patiño | C20: 41052 | D20: 810000 | E20: Contabilidad | F20: 777600
A21: 21635 | B21: Miguel Correa | C21: 36078 | D21: 698000 | E21: Produccion | F21: 670080
A22: 20158 | B22: Maria Correa | C22: 36679 | D22: 1500000 | E22: Produccion | F22: 1440000
A23: 20100 | B23: Luisa Parra | C23: 38029 | D23: 900000 | E23: Ventas | F23: 864000
A24: 25871 | B24: Fernando Rivera | C24: 37666 | D24: 1000000 | E24: Produccion | F24: 960000

Sheet Normas
A1: Normas Establecidas para Solicitudes y aprobacion de prestamos a Trabajadores
A3: 1. Los campos de entrada deben ser unicamente: La Fecha de solicitud, El Valor solicitado, La fecha de Ingreso, el tipo de prestamo, el valor total descuentos
A5: 2. La fecha de solicitud esta limitada a fechas desde el 1 de enero del año actual y hasta la fecha actual
A7: 3. El Valor maximo permitido para prestamo es 20 SMLV y el valor minimo es 1 SMLV y debe estar validado con el valor del SMLV que esta en la celda J1 de la hoja base de datos.
A9: 4. La fecha de Ingreso debe ser siempre menor a la fecha de solicitud.
A11: 5. Los tipos de prestamos permitidos son unicamente: Vivienda, Pago Matricula, Vehiculo.
A13: 6. El sueldo devengado actual del empleado, debe estar formulado para que se traiga desde la matriz personal, con el codigo del empleado y la funcion Buscarv.
A15: 7. Los empleados que tienen prestamo aprobado, deben tener valor total descuentos maximo del 20% con respecto al sueldo devengado.
A17: 8. Los Empleados con prestamo Aprobado, deben tener mas de 2 años de antigueda en la empresa a la fecha de solicitud
A19: 9. El tipo de prestamo Vehiculo, unicamente debe estar aprobado para el tipo de trabajador directivo y que su sueldo/devengado sea superior a 4 salarios minimos legales vigentes
A21: 10. El valor aprobado para tipo de prestamo Matricula, no debe exceder de 10 salarios minimos legales vigentes y en caso que lo exceda se debe prestar unicamente los 10 SMLV
A23: 11. El estado del prestamo para que este aprobado, debe condicionar que la capacidad de pago del empleado sea mayor al 70% y que la antigüedad a la fecha de solicitud sea mayor a 2 años
... A28: Se debe diseñar el informe en Word teniendo en cuenta: Norma a revisar, evidencia, si es conforme, la causa, la accion correctiva, la preventiva, y la observacion si es necesario
